AoeStats
← waLLefps.

Arabia

505436700Analyzed
1v1 RM · 24d ago on Sep 9, 2026· 37m 43s· 2 players
Game mode
Random Map
Map size
Tiny (2 player)
Population
200
Speed
Normal
Resources
Standard
Victory
Conquest
Starting age
Dark Age
Ending age
Imperial Age
RankedLock teamsTeams togetherTeam positionsShared explorationLock speedFull tech treeHidden civsTurbo modeCheats
Victory
Defeat
🇭🇺 Mapuche · Hungary
1425
+13
🇹🇷 Spanish · Türkiye
1359
-13
waLLefps.
7:18 Loom
11:29 Feudal Age
17:57 Castle Age
17:33 Padded Archer Armor
17:54 Double-Bit Axe
21:32 Leather Archer Armor
23:02 Horse Collar
23:40 Fletching
26:47 Wheelbarrow
27:39 Bow Saw
30:03 Hand Cart
30:35 Bloodlines
30:25 Husbandry
31:04 Bodkin Arrow
36:15 Gold Mining
szotyesz
6:28 Loom
9:32 Feudal Age
9:41 Champi Runner
10:32 Double-Bit Axe
18:59 Castle Age
19:18 Fletching
19:29 Padded Archer Armor
20:13 Bodkin Arrow
20:13 Gold Mining
20:37 Bow Saw
21:56 Leather Archer Armor
21:38 Elite Skirmisher
28:33 Ballistics
31:34 Malon
35:07 Forging
Connection lost

Rejoining the realm…

Still unreachable

The connection could not be restored.

Session expired

The server has moved on; the page needs a fresh start.